 Dungeon Crawl Stone Soup version 0.21.1-1-g345015f (webtiles) character file.

1743 nicolaieve the Basher (level 8, -1/65 (66) HPs)
             Began as a Minotaur Berserker on July 31, 2018.
             Was a Priest of Trog.
             Slain by a black bear (3 damage)
             ... on level 6 of the Dungeon.
             The game lasted 00:14:00 (4110 turns).

nicolaieve the Basher (Minotaur Berserker)          Turns: 4110, Time: 00:14:01

HP:   -1/65 (66)    AC:  6    Str: 22    XL:     8   Next: 77%
MP:   7/7           EV:  9    Int:  4    God:    Trog [***...]
Gold: 221           SH: 11    Dex: 12    Spells: 7/7 levels left

rFire    . . .     SeeInvis .   e - +0 whip (curse)
rCold    . . .     Gourm    .   q - +0 shield
rNeg     . . .     Faith    .   s - +0 scale mail
rPois    .         Spirit   .   (helmet restricted)
rElec    .         Reflect  .   (no cloak)
rCorr    .         Harm     .   (no gloves)
MR       ++...                  (no boots)
Stlth    ..........             (no amulet)
HPRegen  1.20/turn              (no ring)
MPRegen  0.10/turn              (no ring)

@: berserk cooldown, regenerating, slowed, very slow
A: retaliatory headbutt, horns 2
a: Berserk, Trog's Hand, Burn Spellbooks, Renounce Religion


You were on level 6 of the Dungeon.
You worshipped Trog.
Trog was most pleased with you.
You were not hungry.

You visited 1 branch of the dungeon, and saw 6 of its levels.

You collected 221 gold pieces.

Inventory:

Hand Weapons
 e - a cursed +0 whip (weapon)
Armour
 q - a +0 shield (worn)
 s - a +0 scale mail (worn)
Wands
 t - a wand of iceblast (6)
Scrolls
 b - 3 scrolls of teleportation {unknown}
 h - a scroll of blinking {unknown}
 j - 2 scrolls of identify {unknown}
 k - a scroll of enchant armour {unknown}
 m - 6 scrolls of remove curse {unknown}
 n - a scroll of immolation {unknown}
 p - a scroll of enchant weapon {unknown}
 u - a scroll of fog {unknown}
Potions
 a - 3 potions of curing {unknown}
 d - 2 potions of agility {unknown}
 f - 4 potions of lignification {unknown}
 g - 2 potions of brilliance {unknown}
 i - 3 potions of might {unknown}
 l - a potion of heal wounds {unknown}
 o - a potion of ambrosia {unknown}
 v - a potion of mutation {unknown}
Comestibles
 c - 10 rations


   Skills:
 - Level 3.6 Fighting
 + Level 11.6 Maces & Flails
 - Level 2.4 Armour
 - Level 2.2 Dodging
 - Level 1.1 Stealth
 * Level 7.0 Shields


You had 7 spell levels left.
You didn't know any spells.

Dungeon Overview and Level Annotations

Branches:
Dungeon (6/15)             Temple (0/1) D:4

Altars:
Nemelex Xobeh
Okawaru
Qazlal
Yredelemnul
The Shining One

Shops:
D:5 (


Innate Abilities, Weirdness & Mutations

You reflexively headbutt those who attack you in melee.
You have a pair of horns on your head.


Message History

The gnoll barely misses you.
You hit the gnoll but do no damage. You headbutt the gnoll.
The gnoll is heavily wounded.
The gnoll hits you with a halberd.
* * * LOW HITPOINT WARNING * * *
Unknown command.
You whack the gnoll!
You kill the gnoll!
Trog accepts your kill.
The black bear bites you but does no damage.
The black bear claws you but does no damage. x2
You block the gnoll's attack. The black bear barely misses you.
You furiously retaliate!
You headbutt the black bear, but do no damage.
The black bear claws you but does no damage. x2
You eat one of the 11 rations.
That ration really hit the spot!
You block the gnoll's attack. The black bear bites you.
* * * LOW HITPOINT WARNING * * *
The black bear barely misses you. The black bear claws you.
You die...

... .. ...#.
...h #.#.##
#..o.# # #.g#.#
.# #.hh)## .###
##.##@.##...##.
#.....††.o.....
#..............
#....))).......
#..............
#..............
#..............
#...>..........
#######........


You could see a black bear, a gnoll, 2 orcs and 2 jackals.

Vanquished Creatures
  Sigmund (D:2)
  A black bear (D:4)
  5 ogres
  A centaur (D:5)
  A necrophage (D:6)
  A water moccasin zombie (D:5)
  2 scorpions
  3 orc priests
  A hound (D:5)
  5 orc wizards
  A bullfrog skeleton (D:6)
  2 centaur skeletons
  2 iguanas (D:5)
  5 worker ants
  A killer bee zombie (D:5)
  A hound skeleton (D:4)
  5 gnolls
  8 adders
  A worm (D:5)
  6 leopard geckos
  14 orcs
  3 giant cockroaches
  14 goblins
  3 hobgoblins
  12 jackals
  6 kobolds
  A quokka (D:2)
  A ball python (D:1)
  A ball python skeleton (D:5)
  6 bats
  7 frilled lizards
  A leopard gecko skeleton (D:4)
  A leopard gecko zombie (D:5)
  3 rats
126 creatures vanquished.

Notes
Turn   | Place    | Note
-------+----------+-------------------------------------------
     0 | D:1      | nicolaieve the Minotaur Berserker began the quest for the Orb.
     0 | D:1      | Reached XP level 1. HP: 19/19 MP: 0/0
   100 | D:1      | Reached skill level 4 in Maces & Flails
   179 | D:1      | Reached XP level 2. HP: 23/27 MP: 1/1
   666 | D:2      | Reached skill level 5 in Maces & Flails
   701 | D:2      | Reached XP level 3. HP: 29/33 MP: 2/2
   714 | D:2      | Reached ** piety under Trog
   794 | D:2      | Noticed Sigmund
   800 | D:2      | Killed Sigmund
   800 | D:2      | Reached skill level 7 in Maces & Flails
   800 | D:2      | Reached XP level 4. HP: 40/40 MP: 3/3
   800 | D:2      | Reached XP level 5. HP: 46/46 MP: 4/4
  1013 | D:2      | You fall through a shaft!
  1489 | D:3      | Reached skill level 8 in Maces & Flails
  1763 | D:3      | Reached XP level 6. HP: 52/52 MP: 5/5
  1967 | D:4      | Reached skill level 1 in Stealth
  1967 | D:4      | Reached skill level 1 in Shields
  1989 | D:4      | Reached skill level 9 in Maces & Flails
  2176 | D:4      | Reached XP level 7. HP: 19/58 MP: 6/6
  2321 | D:4      | Reached *** piety under Trog
  2392 | D:4      | Reached skill level 10 in Maces & Flails
  2579 | D:4      | Found a staircase to the Ecumenical Temple.
  2641 | D:5      | Entered Level 5 of the Dungeon
  2654 | D:5      | Reached XP level 8. HP: 39/66 MP: 7/7
  2754 | D:5      | Found Fyotot's Weapon Shop.
  2894 | D:5      | Found an iron altar of Okawaru.
  2913 | D:5      | Reached skill level 11 in Maces & Flails
  3045 | D:5      | Reached skill level 5 in Shields
  3235 | D:5      | Found a sparkling altar of Nemelex Xobeh.
  3422 | D:5      | Found a stormy altar of Qazlal.
  3425 | D:5      | Noticed an air elemental
  4017 | D:6      | Found a glowing golden altar of the Shining One.
  4019 | D:6      | Noticed an angel
  4027 | D:6      | Found a basalt altar of Yredelemnul.
  4036 | D:6      | Noticed a profane servitor
  4101 | D:6      | Reached **** piety under Trog
  4108 | D:6      | HP: 3/65 [gnoll/halberd (3)]
  4110 | D:6      | Slain by a black bear

Skill      XL: |  1  2  3  4  5  6  7  8 |
---------------+-------------------------+-----
Maces & Flails | 4 5 7 8 9 10 11 | 11.6
Stealth        | 1 |  1.1
Shields        | 2 3 7 |  7.0
Fighting       | |  3.6
Armour         | |  2.4
Dodging        | |  2.2

Action                   |  1- 3 |  4- 6 |  7- 9 || total
-------------------------+-------+-------+-------++-------
Melee: Whip              |    64 |   116 |   256 ||   436
       Mace              |     3 |       |       ||     3
       Headbutt          |     7 |    20 |    43 ||    70
Invok: Berserk           |     1 |     1 |     2 ||     4
       Trog's Hand       |       |       |     1 ||     1
 Stab: Sleeping          |       |     1 |       ||     1
  Eat: Chunk             |       |     6 |     6 ||    12
       Ration            |       |       |     1 ||     1
Armor: Animal skin       |    10 |       |       ||    10
       Ring mail         |       |    29 |       ||    29
       Scale mail        |       |       |    61 ||    61
Dodge: Dodged            |    43 |    49 |    67 ||   159
Block: Shield            |       |    13 |   115 ||   128
